 Dungeon Crawl Stone Soup version 0.27-a0-1189-gb8eb6cee8e (webtiles) character file.

Game seed: 17596699024528369338

1934 Froggeryz the Basher (level 8, -2/63 HPs)
             Began as a White Draconian Berserker on May 23, 2021.
             Was a Priest of Trog.
             Slain by a howler monkey (4 damage)
             ... on level 7 of the Dungeon.
             The game lasted 00:06:36 (6401 turns).

Froggeryz the Basher (White Draconian Berserker)    Turns: 6401, Time: 00:06:37

Health: -2/63      AC: 13    Str: 21    XL:     8   Next: 97%
Magic:  8/8        EV: 13    Int:  8    God:    Trog [***...]
Gold:   250        SH:  0    Dex: 11    Spells: 7/7 levels left

rFire    . . .     SeeInvis .   a - +0 mace
rCold    + . .     Faith    .   (no shield)
rNeg     . . .     Spirit   .   (armour unavailable)
rPois    +         Reflect  .   (helmet restricted)
rElec    .         Harm     .   (no cloak)
rCorr    .         Rampage  .   h - +1 pair of gloves
Will     ++...                  g - +0 pair of boots
Stlth    +.........             (no amulet)
HPRegen  1.20/turn              l - +4 ring of protection
MPRegen  0.11/turn              p - ring of poison resistance

@: strong-willed, regenerating
A: breathe frost, AC +6, unfitting armour, cold resistance 1, cold-blooded
a: Breathe Frost, Renounce Religion, Berserk, Trog's Hand


You were on level 7 of the Dungeon.
You worshipped Trog.
Trog was most pleased with you.
You visited 1 branch of the dungeon, and saw 7 of its levels.

You collected 382 gold pieces.
You spent 132 gold pieces at shops.

Inventory:

Hand Weapons
 a - a +0 mace (weapon)
Missiles
 b - 58 poisoned darts (quivered)
 u - a throwing net
Armour
 g - a +0 pair of boots (worn)
 h - a +1 pair of gloves (worn)
Jewellery
 l - a +4 ring of protection (left hand)
 p - a ring of poison resistance (right hand)
Wands
 f - a wand of digging (7)
 r - a wand of iceblast (11)
Scrolls
 c - a scroll of enchant armour
 e - 5 scrolls of teleportation
 o - a scroll of fog
 w - a scroll of silence
Potions
 i - a potion of heal wounds
 j - 2 potions of curing
 k - a potion of might
 m - a potion of mutation
 q - 2 potions of degeneration {unknown}
 s - a potion of resistance
 v - a potion of lignification {unknown}


   Skills:
 - Level 3.2 Fighting
 * Level 11.5 Maces & Flails
 + Level 3.8 Dodging


You had 7 spell levels left.
You didn't know any spells.
Your spell library was empty.

Dungeon Overview and Level Annotations

Branches:
Dungeon (7/15)             Temple (0/1) D:6

Altars:
Gozag
Hepliaklqana
Kikubaaqudgha
Sif Muna

Shops:
D:3 !

Annotations:
D:4 2 transporters, Bapho's ghost, amateur DrFi


Innate Abilities, Weirdness & Mutations

You can breathe waves of freezing cold which knock back foes.
Your icy white scales are hard. (AC +6)
You cannot fit into any form of body armour.
Your flesh is cold resistant. (rC+)
You are cold-blooded and may be slowed by cold attacks.


Message History

You are too injured to fight recklessly!
You are too injured to fight recklessly!
You are too injured to fight recklessly!
You are too injured to fight recklessly!
You are too injured to fight recklessly!
You are too injured to fight recklessly!
You are too injured to fight recklessly!
You are too injured to fight recklessly!
You are too injured to fight recklessly!
You are too injured to fight recklessly!
You are too injured to fight recklessly!
You are too injured to fight recklessly!
You are too injured to fight recklessly!
You are too injured to fight recklessly!
You are too injured to fight recklessly!
You are too injured to fight recklessly!
The centaur shoots an arrow.
The arrow hits you!
* * * LOW HITPOINT WARNING * * *
The centaur shoots an arrow.
The arrow barely misses you.
You hear some strange, mumbled words.
A magic dart appears from out of thin air!
The magic dart hits you.
* * * LOW HITPOINT WARNING * * *
A shadow imp comes into view.
The shadow imp shouts!
The howler monkey closely misses you. Something hits you but does no damage.
You sock the howler monkey!
The howler monkey is heavily wounded.
The centaur shoots an arrow.
The arrow hits you but does no damage.
The howler monkey closely misses you. x2
The shadow imp grinds its teeth.
Your skin crawls.
You feel strong-willed. The howler monkey closely misses you.
You hear some strange, mumbled words.
A puff of flame appears from out of thin air!
The puff of flame hits you!
* * * LOW HITPOINT WARNING * * *
The howler monkey hits you.
You die...

..... ... .. .... #..
<.## #.5# ..#
....##..##..#
#.........# ....
#.......#
....###.....h.## .
............)o{@.##...
....#..##.....h.......#
....#....c...........##
....................#
#......$...))......#
##...........)....###
..#...........))....#
......................
...#.........#.....?.


You could see a centaur, 2 howler monkeys, a shadow imp and an orc.

Vanquished Creatures
  Grinder (D:3)
  Duvessa (D:5)
  A sky beast (D:6)
  2 ice beasts
  A necrophage (D:5)
  An ogre (D:6)
  2 phantoms
  A kobold brigand (D:7)
  Dowan (D:5)
  3 scorpions
  2 water moccasin skeletons
  2 vampire bats (D:6)
  A howler monkey (D:7)
  A bullfrog zombie (D:6)
  2 jellies (D:6)
  2 hounds
  An orc priest (D:6)
  A centaur skeleton (D:5)
  A bullfrog skeleton (D:6)
  An iguana (D:5)
  An orc wizard (D:6)
  A scorpion zombie (D:5)
  A howler monkey zombie (D:6)
  A hound skeleton (D:5)
  3 gnolls (D:6)
  8 adders
  A white imp (D:6)
  2 worms (D:3)
  2 dart slugs (D:4)
  6 orcs
  2 ball pythons
  4 bat skeletons (D:6)
  2 bat zombies (D:6)
  7 endoplasms
  3 giant cockroaches
  7 goblins
  4 hobgoblins
  A jackal (D:4)
  9 kobolds
  2 quokkas
  2 bats
  2 frilled lizards
  5 rats
104 creatures vanquished.

Notes
Turn   | Place    | Note
-------+----------+-------------------------------------------
     0 | D:1      | Froggeryz the Draconian Berserker began the quest for the
                  | Orb.
     0 | D:1      | Reached XP level 1. HP: 19/19 MP: 1/1
   239 | D:1      | You fall into a shaft and drop 1 floor!
   786 | D:1      | Found a faded altar of an unknown god.
   844 | D:1      | Reached XP level 2. HP: 20/26 MP: 2/2
  1337 | D:2      | Reached skill level 4 in Maces & Flails
  1819 | D:2      | Reached XP level 3. HP: 31/31 MP: 3/3
  2221 | D:3      | Found Zisoagua's Distillery.
  2264 | D:3      | Bought a potion of heal wounds for 60 gold pieces
  2264 | D:3      | Bought 2 potions of curing for 72 gold pieces
  2345 | D:3      | Noticed Grinder
  2348 | D:3      | Paralysed by Grinder for 4 turns
  2358 | D:3      | Killed Grinder
  2359 | D:3      | Reached skill level 6 in Maces & Flails
  2359 | D:3      | Reached XP level 4. HP: 38/38 MP: 4/4
  2359 | D:3      | Reached XP level 5. HP: 45/45 MP: 5/5
  2733 | D:3      | Reached ** piety under Trog
  2782 | D:3      | Reached XP level 6. HP: 46/51 MP: 6/6
  2988 | D:3      | Found a shimmering blue altar of Sif Muna.
  3110 | D:4      | Found a transporter.
  3115 | D:4      | Found a transporter.
  3115 | D:4      | Noticed Bapho's ghost (amateur DrFi)
  3137 | D:4      | Reached skill level 7 in Maces & Flails
  3722 | D:4      | Found an opulent altar of Gozag.
  3971 | D:4      | Reached skill level 8 in Maces & Flails
  4194 | D:5      | Entered Level 5 of the Dungeon
  4214 | D:5      | Your scales start taking on an icy white colour.
  4214 | D:5      | Reached XP level 7. HP: 57/57 MP: 7/7
  4214 | D:5      | Gained mutation: Your flesh is cold resistant. (rC+) [White
                  | Draconian growth]
  4509 | D:5      | Noticed Dowan
  4514 | D:5      | Noticed Duvessa
  4545 | D:5      | Killed Duvessa
  4546 | D:5      | Reached skill level 9 in Maces & Flails
  4568 | D:5      | Killed Dowan
  4593 | D:5      | Found a hazy altar of Hepliaklqana.
  4619 | D:5      | Reached XP level 8. HP: 25/63 MP: 8/8
  5152 | D:6      | Found a staircase to the Ecumenical Temple.
  5276 | D:6      | Reached skill level 10 in Maces & Flails
  5295 | D:6      | Reached *** piety under Trog
  5750 | D:6      | Reached skill level 11 in Maces & Flails
  5997 | D:6      | Found an ancient bone altar of Kikubaaqudgha.
  6401 | D:7      | HP: 2/63 [something/puff of flame (10)]
  6401 | D:7      | Slain by a howler monkey

Illustrated notes

Levels and vault maps discovered:
D:1:      lemuel_arrival_room, layout_loops_corners,
          ebering_ecumenical_altar_petrified, minmay_quantized
D:2:      layout_loops_ring, serial_bayou, serial_bayou_ford_a,
          serial_bayou_lagoon_a, serial_bayou_pond_a, serial_bayou_shore_b,
          serial_bayou_pond_e
D:3:      layout_loops_ring, led_sif_book, serial_shops, shop, uniq_grinder
D:4:      layout_cave_pools, grunt_gozag_statues, serial_column_ruins,
          column_ruins_corridor_dead_end, column_ruins_open_medium,
          column_ruins_corridor_straight, column_ruins_open_small,
          column_ruins_grid_3, column_ruins_open_medium_water,
          column_ruins_open_large, gammafunk_ghost_arena, minmay_bent
D:5:      layout_cave_pools, kennysheep_mini, portal_sewer_entry_d, uniq_duvessa
D:6:      layout_rooms, kennysheep_vampire_church, minmay_temple_entry_hall
D:7:      gammafunk_steamed_eel, layout_cave_pools, okawaru_gym_becter,
          chequers_avenue

Skill      XL: |  1  2  3  4  5  6  7  8 |
---------------+-------------------------+-----
Maces & Flails | 4 6 8 9 11 | 11.5
Dodging        | 3 |  3.8
Fighting       | |  3.2

Action                   |  1- 3 |  4- 6 |  7- 9 || total
-------------------------+-------+-------+-------++-------
Melee: Mace              |    76 |   137 |   302 ||   515
       Tailslap          |     6 |    15 |    42 ||    63
Throw: Dart              |       |       |     2 ||     2
Invok: Berserk           |     1 |       |       ||     1
       Trog's Hand       |       |       |     2 ||     2
 Abil: Breathe Frost     |       |       |     3 ||     3
  Use: Scroll            |       |     6 |     4 ||    10
Armor: Skin              |    18 |    51 |   180 ||   249
Dodge: Dodged            |    51 |    80 |   226 ||   357

Table legend: (Time is in decaauts)
 A = Elapsed time spent in this place.
 B = Non-inter-level travel time spent in this place.
 C = Inter-level travel time spent in this place.
 D = Time resting spent in this place.
 E = Time spent auto-exploring this place.
 F = Levels seen in this place.
 G = Mean time per level.
                   A        B        C        D        E       F      G
               +--------+--------+--------+--------+--------+-----+--------+
         Total |   6434 |   6174 |    260 |    779 |   4305 |   7 |  919.1 |
       Dungeon |   6434 |   6174 |    260 |    779 |   4305 |   7 |  919.1 |
               +--------+--------+--------+--------+--------+-----+--------+

Top non-repeatable levels by time:
     D:3: 1135 daAuts
     D:5: 1112 daAuts
     D:4: 1085 daAuts
     D:2: 1044 daAuts
     D:1: 985 daAuts
     D:6: 906 daAuts
     D:7: 164 daAuts
